 Dungeon Crawl Stone Soup version 0.13-a0-3060-g5a62039 (webtiles) character file.

23236 PolkaDot the Cloud Mage (level 12, -7/72 HPs)
             Began as a Vampire Wizard on Sept 15, 2013.
             Was the Champion of Sif Muna.
             Succumbed to poison (a potion of strong poison)
             ... on Level 3 of the Lair of Beasts.
             The game lasted 02:31:20 (22354 turns).

PolkaDot the Cloud Mage (Vampire Wizard)           Turns: 22354, Time: 02:31:21

HP  -7/72        AC  7     Str  6      XL: 12   Next: 63%
MP  10/26        EV 12     Int 24      God: Sif Muna [******]
Gold 792         SH  0     Dex 14      Spells:  8 memorised,  3 levels left

Res.Fire  : + + .   See Invis. : +   H - +0,+2 dagger (venom)
Res.Cold  : + + +   Warding    : .   y - +2 orc robe {rC+ rF+}
Life Prot.: + . .   Conserve   : .   (no shield)
Res.Poison: +       Res.Corr.  : .   b - +1 wizard hat
Res.Elec. : +       Clarity    : +   I - +0 cloak
Sust.Abil.: . .     Spirit.Shd : .   p - +0 pair of gauntlets
Res.Mut.  : .       Stasis     : .   (no boots)
Res.Rott. : .       Flight     : .   u - amulet of faith
Saprovore : . . .                    l - ring of flight
                                     g - ring of protection from cold

@: studying Stealth, extremely poisoned, somewhat resistant to hostile
enchantments, stealthy
A: bottle blood, fangs 3, see invisible, clarity, unbreathing, fuming 1, Dex +2
a: Bat Form, Bottle Blood, Channel Energy, Forget Spell, Renounce Religion,
Evoke Flight


You were on level 3 of the Lair of Beasts.
You worshipped Sif Muna.
Sif Muna was exalted by your worship.
You were not thirsty.

You visited 3 branches of the dungeon, and saw 17 of its levels.
You also visited: Labyrinth.

You collected 772 gold pieces.

Inventory:

Hand weapons
 H - a +0,+2 dagger of venom (weapon)
Armour
 b - a +1 wizard hat (worn)
 p - a +0 pair of gauntlets (worn)
 y - a +2 orcish robe of resistance (worn)
 I - a +0 cloak (worn)
 K - a +0 elven buckler
Magical devices
 i - a wand of lightning (2)
 k - a wand of cold (7)
 B - a wand of cold (9)
 C - a wand of enslavement (14)
 F - a wand of confusion (10)
 V - a wand of magic darts (10) {unknown}
 X - a wand of draining (5) {unknown}
Scrolls
 e - 5 scrolls of fog
 h - 5 scrolls of teleportation
 m - 5 scrolls of amnesia
 t - a scroll of recharging
 v - 3 scrolls of fear
 x - 2 scrolls of enchant weapon II
 z - 2 scrolls of enchant weapon I
 A - 2 scrolls of enchant armour
Jewellery
 g - a ring of protection from cold (left hand)
 l - a ring of flight (right hand)
 n - an uncursed ring of ice
 u - an amulet of faith (around neck)
 D - an uncursed ring of sustain abilities
 J - an uncursed amulet of guardian spirit
 M - an uncursed amulet of resist corrosion
 N - an uncursed amulet of stasis
 T - an uncursed ring of wizardry {unknown}
Potions
 d - a potion of cure mutation
 q - 3 potions of speed
 s - 4 potions of agility
Books
 c - a book of Minor Magic

   Spells                             Type                      Level
   *Magic Dart                        Conjuration                  1
   *Blink                             Translocation                2
   Call Imp                           Summoning                    2
   *Repel Missiles                    Charms/Air                   2
   Slow                               Hexes                        2
   *Conjure Flame                     Conjuration/Fire             3
   *Mephitic Cloud                    Conjuration/Poison/Air       3
 f - a book of Power

   Spells                             Type                      Level
   Iskenderun's Mystic Blast          Conjuration                  4
   Venom Bolt                         Conjuration/Poison           5
   Bolt of Magma                      Conjuration/Fire/Earth       5
   Fulminant Prism                    Conjuration/Hexes            5
   Iron Shot                          Conjuration/Earth            6
   Orb of Destruction                 Conjuration                  7
 E - a book of Battle

   Spells                             Type                      Level
   Infusion                           Charms                       1
   Shroud of Golubria                 Charms/Translocation         2
   Song of Slaying                    Charms                       2
   Spectral Weapon                    Hexes/Charms                 3
   Regeneration                       Charms/Necromancy            3
   Song of Shielding                  Charms                       4
 G - Sif Muna's Incunabulum of Lightness
   (Sif Muna gifted it to you on level 11 of the Dungeon)

   Spells                             Type                      Level
   Shock                              Conjuration/Air              1
   *Repel Missiles                    Charms/Air                   2
   *Swiftness                         Charms/Air                   2
   *Static Discharge                  Conjuration/Air              3
   *Airstrike                         Air                          4
   Silence                            Hexes/Air                    5
 L - a book of Wizardry

   Spells                             Type                      Level
   Summon Elemental                   Summoning                    4
   Agony                              Necromancy                   5
   Force Lance                        Conjuration                  5
   Fireball                           Conjuration/Fire             5
   Haste                              Charms                       6
   Invisibility                       Hexes                        6
 O - Sif Muna's Collected Works on Flamy Conjuration
   (Sif Muna gifted it to you on level 12 of the Dungeon)

   Spells                             Type                      Level
   Throw Flame                        Conjuration/Fire             2
   Fireball                           Conjuration/Fire             5
   Bolt of Fire                       Conjuration/Fire             6
   Delayed Fireball                   Conjuration/Fire             7
 S - a manual of Stealth
 U - a book of Battle

   Spells                             Type                      Level
   Infusion                           Charms                       1
   Shroud of Golubria                 Charms/Translocation         2
   Song of Slaying                    Charms                       2
   Spectral Weapon                    Hexes/Charms                 3
   Regeneration                       Charms/Necromancy            3
   Song of Shielding                  Charms                       4
Magical staves
 Y - an uncursed staff of death


   Skills:
 - Level 2.1 Dodging
 + Level 3.2 Stealth
 * Level 6.2 Spellcasting
 - Level 8.3 Conjurations
 - Level 4.1 Charms
   Level 1.0 Summonings
 - Level 2.7 Translocations
 + Level 4.4 Fire Magic
 + Level 13.2 Air Magic
 - Level 7.5 Invocations


You had 3 spell levels left.
You knew the following spells:

 Your Spells              Type           Power        Failure   Level  Hunger
a - Magic Dart            Conj           ####         1%          1    None
d - Mephitic Cloud        Conj/Pois/Air  #####...     1%          3    #......
e - Repel Missiles        Chrm/Air       #####.....   1%          2    None
q - Blink                 Tloc           N/A          4%          2    None
s - Conjure Flame         Conj/Fire      #####...     1%          3    #......
w - Swiftness             Chrm/Air       #####.....   1%          2    None
x - Static Discharge      Conj/Air       ######..     1%          3    #......
z - Airstrike             Air            ######....   1%          4    ###....


Dungeon Overview and Level Annotations

Branches:
Dungeon (13/27)            Temple (1/1) D:6             Orc (0/4) D:9
   Lair (3/8) D:11         Spider (0/5) Lair:3
  Swamp: Lair:3-6    Shoals: Lair:3-6     Snake: Lair:3-6

Altars:
Ashenzari
Cheibriados
Elyvilon
Fedhas
Kikubaaqudgha
Makhleb
Nemelex Xobeh
Okawaru
Sif Muna
Trog
Vehumet
Xom
Yredelemnul
Zin
the Shining One

Shops:
D:6 =

Annotations:
D:9 Tux's ghost, experienced GrFi
Lair:1 exclusion: 2 oklob plants, Harold


Innate Abilities, Weirdness & Mutations

You can bottle blood from corpses.
You have razor-sharp teeth.*
You have supernaturally acute eyesight.
You can survive without breathing.*
You are agile. (Dex +2)
You possess an exceptional clarity of mind.+ You emit clouds of smoke.+


Message History

Okay, then.
Casting: Static Discharge
Confirm with . or Enter, or press ? or * to list all spells.
You can't see any susceptible monsters within range! (Use Z to cast anyway.)
Casting: Static Discharge
Confirm with . or Enter, or press ? or * to list all spells.
Okay, then.
Drink which item? (? for menu, Esc to quit)
You feel protected.
* * * LOW HITPOINT WARNING * * *
You feel sick.
Casting: Static Discharge
Confirm with . or Enter, or press ? or * to list all spells.
You don't know that spell.
Casting: Static Discharge
Confirm with . or Enter, or press ? or * to list all spells.
Aiming: Airstrike
Press: ? - help, Dir - move target cursor The spell fizzles.
You die...

^^............%%............
^.^$..........%.............
^.^^.............%...........
>^^^^.........%..............
^.^^....∩................<...
.^..^........................
^^..........................
^...................(.......
^..........@.............P..
........≈≈≈≈≈≈≈.........#..
.......≈≈##≈≈≈............
......≈≈≈ ≈≈≈... ........
.....≈≈ ≈≈≈... ... ......
..... .##.# ### ..


There were no monsters in sight!

Vanquished Creatures
  A minotaur (Lab)
  2 hydras
  Urug (D:12)
  Nergalle (D:11)
  2 hill giants
  Joseph (D:8)
  The ghost of PleasurePal the Nimble, an experienced MfMo (D:8)
  Maurice (D:10)
  3 spiny frogs
  Grinder (D:6)
  A fire drake (Lair:1)
  A spriggan (D:9)
  3 trolls
  3 komodo dragons
  Prince Ribbit (D:9)
  3 ugly things (D:11)
  A shark (Lair:2)
  20 yaks
  A hill giant zombie (D:12)
  A shadow (D:12)
  4 hippogriffs
  A wyvern (D:11)
  A deep elf fighter (D:11)
  2 hungry ghosts
  4 manticores
  The ghost of smajdalf the Ruinous, an average OpCj (D:3)
  2 porcupines (Lair:2)
  A sky beast (D:8)
  2 soldier ants
  A yellow wasp (D:12)
  5 orc warriors
  7 giant goldfish
  4 ice beasts
  2 phantoms
  4 ogres
  6 centaurs
  2 crocodiles
  A giant slug (Lair:1)
  A big kobold (D:12)
  20 water moccasins
  10 giant frogs
  An agate snail (Lair:2)
  A troll zombie (D:8)
  A cyclops skeleton (D:10)
  2 troll skeletons
  4 killer bees (D:10)
  3 jellyfish
  4 wights (D:12)
  2 big fish (Lair:3)
  A goliath beetle (D:11)
  3 crimson imps
  3 hounds
  2 electric eels
  8 orc priests
  2 centaur skeletons
  5 jellies
  2 giant frog skeletons
  6 orc wizards
  5 scorpions
  A basilisk skeleton (D:12)
  12 worker ants
  5 iguanas
  A killer bee zombie (D:10)
  2 spectral orcs (D:11)
  A mottled dragon zombie (D:11)
  8 sheep (Lair:2)
  Ijyb (D:3)
  Jessica (D:3)
  29 adders
  2 giant centipedes
  4 gnolls (D:2)
  44 green rats
  A giant mite (D:8)
  A goliath beetle zombie (D:11)
  11 worms
  An adder skeleton (D:8)
  2 giant eyeballs
  6 giant geckos
  An ooze (D:1)
  35 orcs
  4 ball pythons (D:3)
  5 giant cockroaches
  10 goblins
  19 hobgoblins
  12 jackals
  10 quokkas
  24 bats
  3 giant newts
  3 giant spores
  A hobgoblin zombie (D:5)
  21 kobolds
  An orc skeleton (D:6)
  An orc zombie (D:7)
  35 rats
  26 ballistomycetes (D:12)
529 creatures vanquished.

Vanquished Creatures (others)
  An ogre (D:9)
  2 giant spores
  A fungus (D:11)
  5 plants (D:11)
9 creatures vanquished.

Grand Total: 538 creatures vanquished

Notes
Turn   | Place    | Note
--------------------------------------------------------------
     0 | D:1      | PolkaDot, the Vampire Wizard, began the quest for the Orb.
     0 | D:1      | Reached XP level 1. HP: 11/11 MP: 6/6
   199 | D:1      | Reached skill level 1 in Conjurations
   330 | D:1      | Reached XP level 2. HP: 17/17 MP: 5/8
  1101 | D:2      | Reached XP level 3. HP: 22/22 MP: 10/10
  1219 | D:2      | Reached XP level 4. HP: 28/28 MP: 2/12
  1300 | D:2      | Learned a level 3 spell: Conjure Flame
  1304 | D:2      | Learned a level 3 spell: Mephitic Cloud
  2095 | D:3      | Noticed Jessica
  2105 | D:3      | Killed Jessica
  2347 | D:3      | Noticed a phantom
  2418 | D:3      | Killed a phantom
  2418 | D:3      | Reached skill level 4 in Conjurations
  2418 | D:3      | Reached XP level 5. HP: 23/33 MP: 0/13
  2723 | D:3      | Noticed Ijyb
  2729 | D:3      | Killed Ijyb
  2930 | D:3      | Noticed smajdalf's ghost (average OpCj)
  2937 | D:3      | Killed smajdalf's ghost
  2937 | D:3      | Reached skill level 5 in Conjurations
  2937 | D:3      | Reached XP level 6. HP: 29/39 MP: 4/15
  3025 | D:3      | Found a snail-covered altar of Cheibriados.
  3559 | D:5      | Entered Level 5 of the Dungeon
  3662 | D:6      | Reached XP level 7. HP: 41/44 MP: 12/18
  3763 | D:6      | Found a staircase to the Ecumenical Temple.
  3769 | Temple   | Entered the Ecumenical Temple
  4023 | Temple   | Became a worshipper of Sif Muna the Loreminder
  4027 | Temple   | Learned a level 2 spell: Blink
  4067 | D:6      | Noticed Grinder
  4070 | D:6      | Paralysed by Grinder for 2 turns
  4095 | D:6      | Killed Grinder
  4095 | D:6      | Reached skill level 1 in Translocations
  4421 | D:6      | Acquired Sif Muna's first power
  4427 | D:6      | HP: 1/44 [electric eel/bolt of electricity (14)]
  5591 | D:5      | Reached skill level 1 in Invocations
  5591 | D:5      | Reached XP level 8. HP: 50/50 MP: 10/19
  6578 | D:5      | Gained mutation: You are agile. (Dex +2) [potion of beneficial mutation]
  6613 | D:6      | Found Mableder's Jewellery Boutique.
  6936 | D:6      | Reached skill level 6 in Conjurations
  6966 | D:6      | Acquired Sif Muna's second power
  6966 | D:6      | Reached skill level 5 in Air Magic
  7246 | D:6      | Gained mutation: You possess an exceptional clarity of mind. [potion of mutation]
  8029 | D:7      | Reached XP level 9. HP: 55/55 MP: 9/20
  8822 | D:8      | Noticed Joseph
  8837 | D:8      | Killed Joseph
  8837 | D:8      | Reached skill level 7 in Air Magic
  9402 | D:8      | Reached skill level 8 in Air Magic
  9411 | D:8      | Acquired Sif Muna's third power
  9611 | D:8      | Noticed PleasurePal's ghost (experienced MfMo)
  9666 | D:8      | Killed PleasurePal's ghost
  9666 | D:8      | Reached skill level 5 in Invocations
  9666 | D:8      | Reached XP level 10. HP: 37/61 MP: 5/21
 10353 | D:9      | Found a deep blue altar of Sif Muna.
 10389 | D:9      | Reached skill level 9 in Air Magic
 10649 | D:9      | Found a staircase to the Orcish Mines.
 10803 | D:9      | Noticed Prince Ribbit
 10815 | D:9      | Killed Prince Ribbit
 10865 | D:9      | Noticed Tux's ghost (experienced GrFi)
 11569 | D:10     | Entered Level 10 of the Dungeon
 12387 | D:10     | Noticed Maurice
 12406 | D:10     | Killed Maurice
 12406 | D:10     | Reached skill level 10 in Air Magic
 13451 | D:11     | Reached XP level 11. HP: 28/66 MP: 10/23
 13710 | D:11     | Found a staircase to the Lair.
 13722 | D:11     | Received a gift from Sif Muna
 13723 | D:11     | Identified Sif Muna's Incunabulum of Lightness (Sif Muna gifted it to you on level 11 of the Dungeon)
 13729 | D:11     | Learned a level 4 spell: Airstrike
 13963 | D:11     | Noticed a hill giant
 14017 | D:11     | Killed a hill giant
 14017 | D:11     | Reached skill level 11 in Air Magic
 14226 | D:11     | Noticed Nergalle
 14252 | D:11     | Killed Nergalle
 14532 | D:11     | Noticed a seven-headed hydra
 14552 | D:11     | Killed a seven-headed hydra
 15136 | D:12     | Noticed Urug
 15419 | D:12     | Learned a level 2 spell: Swiftness
 15755 | D:12     | Reached skill level 1 in Charms
 15886 | D:12     | Reached skill level 1 in Fire Magic
 15961 | D:12     | Found a sparkling altar of Nemelex Xobeh.
 15968 | D:12     | Noticed a hill giant
 16005 | D:12     | Killed a hill giant
 16005 | D:12     | Received a gift from Sif Muna
 16006 | D:12     | Identified Sif Muna's Collected Works on Flamy Conjuration (Sif Muna gifted it to you on level 12 of the Dungeon)
 16173 | D:12     | Killed Urug
 16173 | D:12     | Reached skill level 12 in Air Magic
 17111 | D:13     | Noticed a four-headed hydra
 17117 | D:12     | Learned a level 2 spell: Repel Missiles
 17232 | Lair:1   | Entered Level 1 of the Lair of Beasts
 17380 | Lair:1   | Gained mutation: You emit clouds of smoke. [potion of beneficial mutation]
 17412 | Lair:1   | Reached XP level 12. HP: 49/72 MP: 18/25
 19681 | Lair:1   | Noticed Harold
 19873 | Lair:2   | Noticed an eight-headed hydra
 19894 | Lair:2   | Killed an eight-headed hydra
 19999 | Lair:2   | Paralysed by a potion of paralysis for 6 turns
 20038 | Lair:2   | Found a radiant altar of Vehumet.
 20045 | Lair:2   | Received a gift from Sif Muna
 20724 | Lair:2   | Learned a level 3 spell: Static Discharge
 20731 | Lair:2   | Reached skill level 5 in Spellcasting
 20834 | Lair:2   | Reached skill level 13 in Air Magic
 22125 | Lair:3   | Found a labyrinth entrance.
 22130 | Lair:3   | Found a hole to the Spider Nest.
 22133 | Lab      | Entered a labyrinth
 22189 | Lab      | Noticed a minotaur
 22196 | Lab      | Killed a minotaur
 22251 | Lab      | Identified a +2 rod of inaccuracy (12/12) (You found it in a labyrinth)
 22353 | Lair:3   | HP: 3/72 [poison (a potion of strong poison)]
 22354 | Lair:3   | Succumbed to poison (a potion of strong poison)

Action                   |  1- 3 |  4- 6 |  7- 9 | 10-12 || total
-------------------------+-------+-------+-------+-------++-------
Melee: Dagger            |    34 |     6 |    34 |   496 ||   570
       Unarmed           |       |       |       |     1 ||     1
 Cast: Magic Dart        |    66 |   183 |   471 |   980 ||  1700
       Conjure Flame     |       |     1 |    42 |    92 ||   135
       Mephitic Cloud    |       |       |    28 |    76 ||   104
       Blink             |       |       |     2 |     1 ||     3
       Airstrike         |       |       |       |   111 ||   111
       Swiftness         |       |       |       |     6 ||     6
       Static Discharge  |       |       |       |    18 ||    18
Invok: Channel Energy    |       |       |    44 |   141 ||   185
 Abil: Bottle Blood      |       |       |       |    33 ||    33
       End Transformatio |       |       |       |     1 ||     1
       Bat Form          |       |       |       |     1 ||     1
Evoke: Wand              |       |       |     1 |     1 ||     2
  Use: Potion            |     2 |       |    12 |    57 ||    71
       Scroll            |       |     4 |    16 |    16 ||    36
 Stab: Invisible         |     4 |       |       |     2 ||     6
       Sleeping          |     3 |       |       |       ||     3
       Confused          |       |       |     3 |    10 ||    13
       Distracted        |       |       |       |     1 ||     1
